Map: Ujari

Players

Metasapien

  • Race: Zerg Zerg
  • League: Gold
  • Spawn Location: 3:00

Spyasdin

  • Race: Terran Terran
  • Spawn Location: 0:00

muffyhunter

  • Race: Protoss Protoss
  • Spawn Location: 3:00

Joshdwhit

  • Race: Protoss Protoss
  • League: Gold
  • Spawn Location: 9:00

JACK

  • Race: Protoss Protoss
  • Spawn Location: 9:00

yugOS

  • Race: Terran Terran
  • Spawn Location: 0:00

VOD

Have the link to the VOD?

Description

Time

  • Played on: Sept. 4, 2017, 3:39 a.m.
  • Length: 25:48
Show
View Real Time Build Order
Export as new Build Order

Metasapien Zerg 

Build Orders: Hatch First 

Get SALT Encoding   

  12  0:06  Drone  
  13  0:28  Overlord  
  13  0:29  Drone  
  14  0:52  Drone x2  
  14  0:55  Hatchery  
  15  1:08  Drone x2  
  17  1:16  Extractor, Drone  
  17  1:25  Spawning Pool  
  16  1:26  Drone  
  17  1:38  Drone  
  18  1:50  Drone  
  19  1:58  Drone  
  20  2:09  Drone  
  20  2:13  Drone  
  22  2:15  Hatchery  
  22  2:20  Queen  
  23  2:23  Zergling x2  
  24  2:33  Drone x2  
  24  2:35  Queen  
  28  2:41  Extractor  
  27  2:48  Metabolic Boost  
  28  2:51  Drone  
  28  2:52  Overlord  
  28  3:08  Extractor  
  28  3:09  Drone  
  28  3:11  Extractor  
  28  3:12  Drone  
  28  3:13  Overlord  
  28  3:23  Zergling x2  
  28  3:24  Zergling x2  
  28  3:25  Drone x2  
  32  3:30  Drone  
  32  3:31  Drone  
  32  3:34  Queen  
  34  3:38  Drone  
  37  3:46  Lair  
  37  4:01  Drone x2  
  37  4:02  Drone  
  40  4:04  Drone  
  40  4:05  Overlord  
  40  4:08  Drone  
  40  4:09  Drone x3  
  45  4:14  Drone  
  45  4:15  Drone  
  47  4:30  Drone x2  
  47  4:31  Drone  
  50  4:32  Drone  
  50  4:34  Drone  
  52  4:45  Overlord, Drone  
  53  4:46  Overlord  
  53  4:48  Drone x2  
  53  4:49  Drone  
  56  4:54  Hydralisk Den  
  56  4:57  Spire  
  54  5:00  Drone  
  54  5:01  Overlord  
  54  5:02  Overlord  
  54  5:04  Drone  
  54  5:05  Drone x2  
  58  5:22  Drone x4  
  58  5:26  Extractor x2  
  61  5:28  Drone  
  61  5:30  Drone  
  61  5:32  Muscular Augments  
  61  5:34  Drone  
  61  5:35  Drone x2  
  65  5:36  Zergling x2, Drone  
  65  5:37  Zergling x6  
  70  5:45  Hydralisk  
  70  5:46  Hydralisk x2  
  76  6:01  Evolution Chamber  
  76  6:02  Evolution Chamber  
  74  6:26  Zerg Flyer Weapons Level 1  
  74  6:30  Overlord x6  
  74  6:31  Overlord x2  
  74  6:34  Zerg Missile Weapons Level 1  
  74  6:35  Zerg Ground Armor Level 1  
  73  6:41  Hydralisk x3  
  73  6:47  Spine Crawler  
  78  6:48  Spine Crawler  
  78  6:50  Hydralisk x2  
  78  6:52  Spine Crawler  
  80  7:01  Overseer  
  80  7:15  Infestation Pit  
  79  7:16  Hydralisk  
  79  7:17  Hydralisk, Corruptor  
  79  7:18  Corruptor  
  87  7:24  Roach Warren  
  87  7:27  Pneumatized Carapace  
  86  7:40  Drone  
  86  7:41  Drone x3  
  86  7:42  Overlord x2  
  86  7:43  Drone x2  
  86  7:44  Drone x2  
  94  8:07  Hydralisk x2  
  94  8:08  Hydralisk x6  
  94  8:11  Hatchery, Extractor  
  108  8:17  Corruptor, Drone  
  108  8:18  Drone  
  112  8:23  Extractor  
  112  8:27  Queen x2  
  111  8:33  Corruptor x2  
  119  8:35  Roach x2  
  119  8:36  Roach  
  119  8:37  Roach  
  127  8:42  Queen  
  129  9:02  Queen  
  129  9:05  Drone  
  129  9:08  Infestor x2  
  129  9:09  Infestor  
  138  9:10  Hydralisk  
  138  9:14  Hydralisk  
  142  9:44  Zerg Missile Weapons Level 2, Zerg Ground Armor Level 2  
  142  9:45  Glial Reconstitution  
  142  9:57  Drone  
  142  9:58  Drone x2  
  142  9:59  Drone x3  
  148  10:09  Zergling x8  
  148  10:10  Hydralisk x4, Zergling x2  
  148  10:11  Hydralisk x2, Roach x5  
  127  10:32  Hydralisk  
  127  10:33  Hydralisk x7  
  127  10:34  Hydralisk  
  123  10:44  Ravager  
  123  10:45  Ravager x2  
  123  10:47  Hydralisk  
  123  10:48  Overlord x2  
  123  10:49  Overlord, Hydralisk  
  130  10:50  Zergling x2  
  130  10:51  Zergling x10  
  135  11:04  Ravager  
  136  11:16  Overlord  
  136  11:17  Overlord, Hydralisk x3  
  136  11:18  Roach x3  
  148  11:25  Nydus Network  
  148  11:32  Zerg Flyer Armor Level 1  
  147  11:36  Tunneling Claws  
  147  11:48  Drone x3  
  147  11:53  Hydralisk  
  150  11:54  Hydralisk x4  
  150  11:55  Hydralisk x4  
  168  12:07  Hive  
  168  12:08  Hatchery  
  167  12:15  Pathogen Glands  
  167  12:17  Drone x2  
  167  12:18  Infestor  
  167  12:19  Infestor  
  173  12:28  Spore Crawler  
  172  12:35  Hatchery, Drone x2  
  173  12:44  Hydralisk x2  
  173  12:45  Hydralisk, Roach  
  173  12:46  Roach, Hydralisk  
  173  12:47  Overseer, Roach  
  173  12:48  Extractor, Overseer  
  173  12:49  Overlord x3  
  173  12:50  Extractor, Overlord  
  185  12:53  Overseer x2  
  181  13:38  Hydralisk x4  
  181  13:39  Hydralisk x3  
  181  13:40  Hydralisk  
  197  13:44  Zerg Missile Weapons Level 3  
  197  13:50  Zerg Ground Armor Level 3  
  197  14:01  Hydralisk  
  197  14:02  Hydralisk  
  127  14:37  Queen  
  127  14:38  Drone x3  
  128  14:44  Hydralisk x8  
  128  14:45  Hydralisk x17  
  178  15:00  Greater Spire  
  165  16:44  Corruptor x6, Lair  
  165  16:45  Corruptor x4  
  165  16:46  Hydralisk, Corruptor x2  
  187  16:47  Hydralisk x4  
  197  17:03  Hatchery  
  197  17:04  Hatchery  
  183  17:17  Queen x4  
  176  17:52  Hydralisk x12  
  176  17:53  Hydralisk  
  196  18:04  Brood Lord  
  156  18:31  Hydralisk  
  156  18:32  Hydralisk x14  
  160  18:36  Ravager  
  146  19:04  Hatchery  
  141  19:35  Mutalisk x2  
  141  19:36  Mutalisk x4  
  145  20:31  Hydralisk  
  145  20:32  Hydralisk x3  
  145  20:33  Hydralisk x3, Roach x4  
  145  20:34  Roach  
  169  20:47  Hydralisk  
  169  20:48  Hydralisk x2, Roach  
  177  21:01  Brood Lord x2  
  177  21:02  Brood Lord x3  
  167  23:02  Hatchery  
  166  23:06  Hatchery  
  166  23:08  Hatchery  
  166  23:09  Hatchery  
  163  23:36  Hatchery  
  163  23:38  Hatchery  
  161  23:50  Hatchery  
  160  23:56  Hatchery  
  155  24:31  Corruptor  
  155  24:32  Hydralisk x7  
  171  25:16  Zergling x4  
  171  25:17  Zergling x2  
Show
View Real Time Build Order
Export as new Build Order

Spyasdin Terran 

Build Orders:  

Get SALT Encoding   

  12  0:01  SCV  
  13  0:13  SCV  
  14  0:20  Supply Depot  
  14  0:36  SCV  
  15  0:43  Barracks  
  15  0:48  SCV  
  16  0:56  Supply Depot  
  16  1:00  SCV  
  17  1:12  SCV  
  18  1:28  Command Center  
  18  1:39  Engineering Bay  
  19  1:40  SCV  
  19  1:50  Refinery  
  19  1:52  SCV  
  20  2:03  Refinery  
  20  2:04  SCV  
  21  2:16  SCV  
  21  2:17  Marine  
  21  2:22  Missile Turret  
  23  2:28  SCV  
  24  2:35  Marine  
  25  2:40  SCV x2  
  27  2:52  SCV  
  27  2:56  Factory  
  28  3:05  Marine, SCV  
  30  3:09  SCV  
  31  3:17  SCV  
  32  3:21  SCV  
  32  3:22  Marine  
  34  3:29  SCV  
  34  3:34  SCV  
  36  3:40  Marine  
  37  3:43  Command Center  
  37  3:46  SCV, Factory Tech Lab  
  38  3:53  SCV  
  39  3:58  Marine, SCV  
  41  4:05  SCV  
  41  4:06  Sensor Tower  
  41  4:07  Refinery  
  42  4:10  SCV, Refinery  
  42  4:13  Siege Tank  
  46  4:25  Missile Turret  
  46  4:28  Supply Depot x2  
  46  4:32  Supply Depot  
  46  4:44  Supply Depot  
  46  4:49  SCV  
  47  4:54  Supply Depot  
  48  5:00  SCV  
  48  5:01  SCV  
  49  5:12  SCV  
  49  5:13  SCV  
  51  5:17  Starport  
  51  5:18  Siege Tank  
  54  5:26  SCV  
  55  5:37  Orbital Command  
  55  5:38  SCV  
  56  5:43  Starport  
  56  5:46  Starport  
  56  5:49  Starport  
  56  5:50  SCV  
  56  5:51  Starport  
  57  6:00  Fusion Core  
  57  6:07  Siege Tank  
  60  6:28  Starport Tech Lab x4  
  60  6:30  Starport Tech Lab  
  60  6:46  Siege Tank  
  63  6:49  Orbital Command  
  63  6:53  SCV  
  64  6:58  Refinery  
  64  6:59  Refinery  
  64  7:05  SCV  
  65  7:09  Missile Turret  
  65  7:10  Supply Depot  
  65  7:11  Supply Depot x3  
  65  7:17  SCV  
  65  7:18  Siege Tank  
  65  7:21  Battlecruiser  
  75  7:29  SCV  
  76  7:30  SCV  
  77  7:41  SCV  
  77  7:42  SCV  
  77  7:43  Battlecruiser  
  85  7:50  Siege Tank  
  88  7:55  SCV  
  89  8:03  Battlecruiser x2  
  101  8:07  SCV  
  102  8:14  SCV  
  102  8:19  SCV  
  104  8:22  Battlecruiser  
  104  8:26  SCV  
  111  8:38  SCV  
  112  8:50  SCV  
  112  8:53  Supply Depot  
  112  8:54  Supply Depot x2  
  113  8:56  Supply Depot  
  113  8:57  Supply Depot  
  114  9:02  SCV  
  114  9:04  Battlecruiser x2  
  114  9:08  Weapon Refit  
  126  9:23  Battlecruiser  
  132  9:43  Command Center  
  132  9:44  Planetary Fortress  
  132  9:51  Battlecruiser  
  132  10:38  Battlecruiser x2  
  114  11:04  Battlecruiser  
  114  11:05  Starport Tech Lab  
  108  11:30  Battlecruiser x2  
  120  12:04  Battlecruiser  
  120  12:06  Battlecruiser  
  132  12:31  Planetary Fortress  
  132  12:36  Refinery  
  132  12:38  Battlecruiser  
  132  12:40  Refinery  
  138  12:55  Battlecruiser  
  144  13:09  Battlecruiser  
  150  13:25  Battlecruiser  
  156  13:38  Battlecruiser  
  162  13:47  Armory  
  162  13:48  Armory  
  141  14:42  Battlecruiser x4  
  165  15:23  Terran Ship Weapons Level 1  
  165  15:25  Terran Vehicle And Ship Armor Level 1  
  165  15:38  Battlecruiser  
  171  15:46  Battlecruiser  
  177  16:17  Battlecruiser  
  177  16:18  Battlecruiser  
  189  16:35  Battlecruiser  
  126  17:44  Battlecruiser  
  126  17:45  Battlecruiser x2  
  102  19:40  Battlecruiser x4  
  126  20:06  Barracks Reactor  
  126  20:36  Barracks  
  126  20:39  Barracks  
  126  20:41  Barracks x2  
  126  20:42  Barracks x3  
  126  20:43  Barracks  
  126  20:44  Barracks  
  126  20:51  Terran Infantry Weapons Level 1  
  126  21:29  Barracks Tech Lab  
  126  21:30  Barracks Tech Lab, Barracks Reactor  
  126  21:31  Barracks Reactor x3  
  126  21:34  Barracks Reactor  
  126  21:42  Marine x2  
  128  21:53  Marine x2  
  130  22:00  Marine x2  
  132  22:06  Marine x2  
  132  22:07  Marine x2  
  136  22:10  Marine  
  136  22:11  Marine x7  
  144  22:18  Marine x2  
  146  22:24  Marine x3  
  146  22:25  Marine, Combat Shields  
  146  22:28  Marine x3  
  146  22:29  Marine x5  
  158  22:35  Marine  
  158  22:36  Marine  
  160  22:42  Marine x4  
  164  22:46  Marine x4, Terran Infantry Armor Level 1  
  164  22:47  Marine x4  
  172  22:53  Marine x2  
  174  23:00  Marine x4  
  174  23:04  Marine x6  
  174  23:05  Marine x2  
  186  23:11  Marine x2  
  188  23:18  Marine x4  
  174  23:22  Marine x3  
  174  23:23  Marine  
  130  23:29  Marine x2  
  130  23:30  Marine  
  130  23:31  Marine  
  134  23:35  Marine x2  
  134  23:36  Marine x2  
  134  23:37  Marine x2  
  134  23:39  Marine  
  134  23:40  Marine x3  
  144  23:47  Marine x2  
  130  23:48  Marine x2  
  130  23:53  Marine x3  
  130  23:54  Marine  
  130  23:55  Marine x2  
  128  23:57  Marine x2  
  128  23:58  Marine x2  
  132  24:05  Marine  
  105  24:13  Marine x2  
  66  24:41  Viking x3  
  66  24:42  Viking x2  
  48  25:11  Viking x3  
  54  25:16  Marine x2  
Show
View Real Time Build Order
Export as new Build Order

muffyhunter Protoss 

Build Orders:  

Get SALT Encoding   

  12  0:24  Probe (Chrono Boost)  
  13  0:34  Pylon, Probe (Chrono Boost)  
  14  0:45  Probe (Chrono Boost)  
  15  0:52  Forge  
  15  1:06  Probe (Chrono Boost)  
  15  1:07  Pylon  
  16  1:16  Probe (Chrono Boost)  
  17  1:25  Assimilator  
  17  1:27  Probe (Chrono Boost)  
  18  1:33  Photon Cannon  
  18  1:37  Probe (Chrono Boost)  
  19  1:43  Photon Cannon  
  19  1:48  Probe (Chrono Boost)  
  20  1:55  Pylon  
  20  2:13  Photon Cannon  
  20  2:16  Probe (Chrono Boost)  
  20  2:17  Photon Cannon  
  20  2:21  Pylon  
  21  2:31  Probe (Chrono Boost)  
  21  2:34  Assimilator  
  22  2:39  Assimilator  
  22  2:42  Probe (Chrono Boost)  
  22  2:43  Pylon  
  23  2:56  Probe (Chrono Boost)  
  24  3:07  Probe (Chrono Boost)  
  24  3:09  Gateway  
  25  3:12  Photon Cannon  
  25  3:19  Photon Cannon  
  25  3:22  Probe (Chrono Boost)  
  26  3:33  Probe (Chrono Boost)  
  27  3:35  Gateway  
  27  3:44  Probe (Chrono Boost)  
  28  3:56  Cybernetics Core  
  27  4:10  Probe (Chrono Boost)  
  27  4:14  Gateway  
  27  4:23  Protoss Ground Weapons Level 1  
  27  4:31  Gateway  
  27  4:32  Warp Gate (Chrono Boost)  
  27  4:44  Probe  
  28  4:51  Twilight Council  
  28  4:57  Mothership Core  
  30  5:18  Probe  
  31  5:25  Pylon  
  31  5:30  Probe  
  31  5:31  Dark Shrine  
  32  5:37  Pylon  
  32  5:42  Probe  
  33  5:43  Nexus  
  33  5:51  Robotics Facility  
  33  5:57  Pylon  
  33  6:06  Blink (Chrono Boost)  
  33  6:12  Probe  
  34  6:27  Probe  
  35  6:39  Warp Prism (Chrono Boost)  
  37  6:49  Probe  
  38  6:56  Probe  
  38  7:00  Assimilator  
  39  7:01  Probe  
  39  7:07  Probe  
  41  7:13  Probe  
  42  7:17  Probe  
  43  7:26  Probe  
  43  7:28  Probe  
  45  7:35  Warp Prism (Chrono Boost)  
  45  7:38  Probe x2  
  45  7:39  Protoss Air Weapons Level 1 (Chrono Boost)  
  47  7:47  Assimilator  
  47  7:49  Probe  
  47  7:50  Probe  
  49  7:56  Nexus  
  49  8:00  Stargate  
  49  8:01  Stargate, Probe  
  49  8:02  Probe  
  49  8:05  Stargate  
  51  8:09  Pylon  
  51  8:13  Probe  
  51  8:14  Probe  
  53  8:21  Assimilator  
  53  8:26  Probe x2  
  55  8:33  Robotics Facility, Assimilator  
  55  8:35  Protoss Shields Level 1  
  55  8:38  Observer, Probe x2  
  58  8:50  Probe x2  
  58  8:51  Fleet Beacon  
  58  8:55  Pylon  
  60  8:58  Zealot  
  60  9:02  Probe x2  
  64  9:09  Probe  
  64  9:14  Probe  
  66  9:20  Probe  
  66  9:22  Dark Templar x3  
  66  9:23  Dark Templar  
  75  9:30  Probe  
  82  9:41  Probe  
  89  9:51  Probe  
  73  10:14  Carrier  
  72  10:26  Carrier  
  71  10:47  Pylon  
  71  11:03  Nexus  
  69  11:06  Pylon  
  69  11:12  Pylon  
  69  11:15  Assimilator  
  69  11:18  Assimilator  
  69  11:19  Pylon  
  69  11:24  Carrier, Probe  
  75  11:29  Cybernetics Core  
  76  11:32  Pylon  
  76  11:34  Probe  
  77  11:45  Probe  
  77  11:46  Probe  
  78  11:48  Graviton Catapult  
  79  11:55  Probe  
  79  11:57  Probe  
  79  11:59  Pylon  
  81  12:06  Probe  
  81  12:07  Probe  
  81  12:08  Cybernetics Core  
  82  12:10  Forge, Protoss Air Armor Level 1 (Chrono Boost)  
  82  12:14  Nexus  
  83  12:16  Protoss Shields Level 2  
  83  12:17  Assimilator  
  83  12:18  Charge, Probe  
  83  12:21  Carrier x2  
  96  12:23  Pylon  
  96  12:25  Pylon  
  96  12:28  Probe  
  97  12:49  Carrier  
  85  13:47  Carrier x2  
  97  14:15  Carrier  
  103  14:22  Twilight Council  
  103  14:24  Protoss Air Weapons Level 2 (Chrono Boost)  
  103  14:33  Probe  
  103  14:36  Protoss Air Armor Level 2 (Chrono Boost), Probe  
  103  14:37  Stargate  
  105  14:43  Pylon, Probe  
  106  14:46  Pylon, Probe  
  106  14:49  Pylon  
  107  14:54  Probe  
  107  14:57  Probe  
  109  15:01  Stargate  
  109  15:04  Probe  
  110  15:07  Probe  
  110  15:13  Void Ray  
  121  15:14  Protoss Shields Level 3  
  121  15:15  Probe  
  121  15:18  Probe  
  121  15:20  Mothership Core  
  125  15:28  Probe  
  125  15:34  Observer  
  127  15:39  Probe  
  128  15:49  Probe  
  128  15:51  Carrier  
  113  16:54  Stargate  
  113  16:58  Stargate  
  107  17:16  Carrier  
  113  17:45  Stargate  
  113  18:01  Pylon  
  113  18:12  Gateway  
  113  18:18  Pylon  
  125  18:20  Photon Cannon  
  125  18:21  Photon Cannon  
  125  18:22  Photon Cannon  
  125  18:26  Photon Cannon  
  125  18:28  Photon Cannon  
  131  18:46  Photon Cannon  
  131  18:51  Photon Cannon, Immortal  
  129  19:14  Pylon  
  129  19:25  Pylon, Carrier  
  129  19:32  Pylon  
  129  19:35  Pylon  
  129  19:39  Carrier  
  129  19:42  Pylon  
  129  19:44  Pylon  
  125  19:46  Pylon  
  122  20:04  Carrier  
  122  20:06  Photon Cannon  
  122  20:08  Photon Cannon, Carrier  
  122  20:17  Photon Cannon  
  121  20:21  Pylon  
  121  20:27  Pylon  
  117  20:34  Pylon  
  117  20:37  Photon Cannon  
  115  20:50  Pylon  
  115  20:51  Pylon  
  115  20:55  Pylon  
  115  21:02  Pylon  
  115  21:25  Photon Cannon  
  115  21:28  Pylon  
  115  21:30  Photon Cannon  
  115  21:32  Pylon  
  106  21:49  Pylon  
  106  22:09  Pylon  
  106  22:11  Pylon  
  106  22:13  Pylon  
  81  23:02  Pylon  
  81  23:05  Nexus  
  75  23:07  Pylon  
  75  23:12  Pylon  
  75  23:29  Pylon  
  75  23:33  Pylon  
  75  23:47  Pylon  
  75  23:49  Pylon  
  75  23:51  Immortal  
  79  23:56  Pylon  
  79  23:58  Pylon  
  79  24:31  Immortal  
  83  24:34  Pylon  
  83  24:42  Pylon  
  83  24:44  Pylon  
  83  24:45  Pylon  
  83  24:53  Pylon  
Show
View Real Time Build Order
Export as new Build Order

Joshdwhit Protoss 

Build Orders: 1 Gate Expand, Double Forge, Forge Fast Expand (FFE) 

Get SALT Encoding   

  12  0:05  Probe (Chrono Boost)  
  13  0:16  Probe (Chrono Boost)  
  14  0:23  Pylon  
  14  0:26  Probe (Chrono Boost)  
  15  0:41  Probe (Chrono Boost)  
  16  0:44  Forge  
  16  0:55  Probe (Chrono Boost)  
  17  0:58  Gateway  
  17  1:17  Nexus  
  17  1:24  Probe (Chrono Boost)  
  18  1:32  Assimilator  
  18  1:37  Assimilator  
  18  2:00  Probe (Chrono Boost)  
  19  2:10  Probe (Chrono Boost)  
  20  2:21  Probe (Chrono Boost)  
  21  2:29  Cybernetics Core  
  21  2:31  Probe (Chrono Boost)  
  21  2:34  Forge  
  22  2:42  Pylon  
  22  3:00  Probe (Chrono Boost)  
  22  3:02  Probe (Chrono Boost)  
  24  3:11  Probe (Chrono Boost)  
  24  3:12  Photon Cannon  
  25  3:14  Photon Cannon  
  26  3:20  Probe (Chrono Boost)  
  26  3:21  Probe (Chrono Boost)  
  26  3:24  Photon Cannon  
  26  3:26  Assimilator  
  27  3:30  Assimilator  
  27  3:47  Probe x2 (Chrono Boost)  
  29  3:53  Pylon  
  29  3:57  Protoss Air Weapons Level 1 (Chrono Boost)  
  29  4:18  Probe  
  29  4:19  Probe  
  31  4:30  Stargate  
  31  4:33  Stargate  
  31  4:35  Stargate  
  31  5:10  Probe  
  31  5:12  Probe  
  33  5:21  Fleet Beacon  
  33  5:25  Void Ray  
  37  5:36  Void Ray  
  37  5:40  Protoss Air Armor Level 1 (Chrono Boost)  
  37  5:41  Probe  
  42  5:42  Probe  
  43  5:52  Probe  
  43  5:55  Probe  
  45  6:21  Void Ray  
  45  6:22  Void Ray  
  45  6:25  Probe  
  54  6:32  Pylon  
  54  6:36  Pylon  
  54  6:40  Pylon  
  54  6:48  Probe  
  54  6:49  Void Ray  
  54  6:50  Probe  
  60  7:00  Probe  
  60  7:02  Probe  
  60  7:06  Void Ray  
  66  7:13  Stargate  
  66  7:14  Probe  
  66  7:15  Cybernetics Core  
  67  7:18  Protoss Air Weapons Level 2 (Chrono Boost)  
  67  7:43  Void Ray  
  71  7:44  Void Ray  
  75  7:51  Protoss Air Armor Level 2 (Chrono Boost)  
  75  8:38  Pylon  
  75  8:41  Pylon  
  75  8:43  Pylon  
  75  8:45  Pylon  
  75  8:50  Pylon  
  75  8:56  Void Ray x2  
  75  8:59  Void Ray x2  
  90  9:42  Void Ray x3  
  82  10:49  Void Ray x2  
  86  10:50  Oracle  
  77  11:08  Void Ray  
  61  11:25  Void Ray  
  61  11:32  Void Ray x2  
  73  11:34  Photon Cannon  
  73  11:40  Pylon  
  73  11:45  Pylon  
  73  11:51  Void Ray  
  77  12:04  Pylon  
  77  12:08  Void Ray, Pylon  
  77  12:10  Photon Cannon  
  77  12:14  Photon Cannon  
  77  12:15  Void Ray x2  
  89  12:21  Protoss Air Weapons Level 3 (Chrono Boost)  
  89  12:29  Photon Cannon  
  89  12:33  Photon Cannon  
  89  12:34  Void Ray, Photon Cannon  
  93  12:38  Photon Cannon  
  93  13:13  Nexus  
  93  13:17  Pylon  
  93  13:20  Pylon  
  93  13:24  Pylon  
  93  13:47  Photon Cannon  
  93  13:49  Photon Cannon  
  93  13:52  Photon Cannon  
  93  13:57  Photon Cannon  
  93  14:01  Photon Cannon  
  42  14:42  Carrier x3  
  42  14:43  Carrier  
  66  14:56  Assimilator  
  66  15:00  Assimilator  
  66  15:05  Graviton Catapult (Chrono Boost)  
  66  16:08  Carrier x3  
  84  16:14  Carrier  
  90  16:22  Protoss Air Armor Level 3  
  72  17:33  Oracle  
  42  19:14  Carrier x3  
  60  19:47  Nexus  
  60  19:50  Assimilator  
  60  19:55  Assimilator  
  60  20:20  Carrier  
  66  20:39  Carrier  
  72  21:04  Carrier  
  72  21:05  Carrier  
  84  21:46  Carrier  
  90  22:05  Carrier  
  96  22:30  Carrier x2  
  102  23:11  Carrier  
  102  23:31  Carrier  
  108  23:55  Carrier  
  108  23:56  Carrier  
  108  23:57  Nexus  
  120  24:03  Nexus  
Show
View Real Time Build Order
Export as new Build Order

JACK Protoss 

Build Orders:  

Get SALT Encoding   

  12  0:03  Probe (Chrono Boost)  
  13  0:18  Pylon  
  13  0:26  Probe (Chrono Boost)  
  14  0:37  Probe (Chrono Boost)  
  14  0:41  Gateway  
  15  0:47  Probe (Chrono Boost)  
  16  0:54  Pylon  
  16  1:07  Forge  
  16  1:15  Probe (Chrono Boost)  
  17  1:23  Pylon  
  18  1:25  Probe (Chrono Boost)  
  18  1:49  Photon Cannon  
  18  1:51  Photon Cannon  
  18  2:02  Photon Cannon  
  18  2:05  Photon Cannon  
  16  2:38  Photon Cannon  
  16  2:39  Photon Cannon  
  16  2:54  Photon Cannon  
  16  4:11  Nexus  
  16  5:26  Probe (Chrono Boost)  
  17  5:41  Assimilator  
  18  5:50  Gateway, Probe (Chrono Boost)  
  18  5:58  Assimilator  
  18  6:00  Probe (Chrono Boost)  
  19  6:11  Probe (Chrono Boost)  
  20  6:21  Probe (Chrono Boost)  
  21  6:32  Probe (Chrono Boost)  
  22  6:45  Nexus  
  22  6:56  Probe (Chrono Boost)  
  22  6:58  Pylon  
  23  7:09  Cybernetics Core  
  23  7:19  Probe (Chrono Boost)  
  23  7:20  Pylon  
  24  7:35  Assimilator  
  24  7:38  Probe (Chrono Boost)  
  24  7:39  Assimilator  
  25  7:48  Probe (Chrono Boost)  
  25  7:51  Pylon  
  26  7:59  Probe (Chrono Boost)  
  26  8:02  Probe (Chrono Boost)  
  28  8:09  Probe (Chrono Boost)  
  30  8:13  Probe (Chrono Boost)  
  30  8:16  Stargate  
  30  8:21  Probe (Chrono Boost)  
  30  8:23  Probe (Chrono Boost)  
  32  8:32  Probe (Chrono Boost)  
  32  8:34  Probe (Chrono Boost)  
  34  8:42  Probe (Chrono Boost)  
  34  8:44  Probe (Chrono Boost)  
  36  8:51  Pylon  
  36  8:55  Probe (Chrono Boost)  
  37  8:56  Probe (Chrono Boost)  
  38  9:04  Fleet Beacon  
  38  9:05  Probe (Chrono Boost)  
  38  9:06  Probe (Chrono Boost)  
  40  9:39  Mothership Core (Chrono Boost)  
  42  10:19  Nexus  
  42  10:23  Photon Cannon  
  42  10:25  Photon Cannon  
  42  10:30  Void Ray  
  42  10:34  Stargate  
  46  10:35  Stargate  
  46  10:37  Fleet Beacon  
  46  10:59  Nexus  
  46  11:09  Pylon  
  46  11:20  Carrier (Chrono Boost)  
  46  11:22  Carrier (Chrono Boost)  
  58  11:30  Graviton Catapult  
  64  11:58  Probe  
  64  12:00  Carrier (Chrono Boost)  
  65  12:04  Protoss Air Weapons Level 1  
  65  12:06  Protoss Shields Level 1  
  65  12:11  Probe  
  65  12:12  Pylon  
  65  12:15  Assimilator  
  66  12:17  Probe  
  66  12:18  Assimilator  
  67  12:23  Probe  
  67  12:28  Probe  
  69  12:30  Probe  
  69  12:35  Probe  
  71  12:38  Probe  
  71  12:43  Probe  
  73  12:47  Probe  
  74  12:54  Carrier (Chrono Boost)  
  80  13:02  Probe  
  80  13:03  Probe  
  82  13:11  Photon Cannon, Probe  
  83  13:14  Probe  
  83  13:15  Probe  
  85  13:21  Probe  
  85  13:26  Carrier (Chrono Boost), Probe  
  93  13:32  Probe  
  94  13:37  Twilight Council, Probe  
  94  13:38  Probe  
  96  13:49  Probe  
  96  13:50  Probe  
  98  13:59  Pylon  
  98  14:00  Pylon  
  98  14:01  Probe, Protoss Air Weapons Level 2  
  98  14:02  Pylon  
  105  14:09  Carrier (Chrono Boost)  
  105  14:20  Carrier (Chrono Boost)  
  105  14:21  Anion Pulse-Crystals  
  107  14:45  Carrier (Chrono Boost)  
  113  14:49  Stargate  
  113  14:50  Protoss Shields Level 2  
  119  15:10  Pylon  
  119  15:11  Pylon  
  119  15:13  Pylon  
  119  15:14  Pylon x2  
  119  15:23  Carrier (Chrono Boost)  
  125  15:37  Carrier (Chrono Boost)  
  137  16:02  Carrier (Chrono Boost)  
  143  16:11  Carrier (Chrono Boost)  
  143  16:23  Protoss Air Weapons Level 3  
  143  16:42  Carrier (Chrono Boost)  
  155  17:02  Carrier (Chrono Boost)  
  117  17:44  Carrier (Chrono Boost)  
  117  17:55  Carrier (Chrono Boost)  
  117  17:57  Carrier (Chrono Boost)  
  99  19:46  Carrier x2 (Chrono Boost)  
  99  19:47  Carrier (Chrono Boost)  
  105  19:57  Carrier (Chrono Boost)  
  105  21:10  Carrier x2 (Chrono Boost)  
  117  21:12  Carrier (Chrono Boost)  
  129  21:19  Carrier (Chrono Boost)  
  129  21:46  Mothership Core  
  131  22:04  Stargate  
  131  22:06  Stargate, Protoss Shields Level 3 (Chrono Boost)  
  131  22:14  Carrier x2  
  137  22:28  Carrier  
  155  22:36  Carrier  
  155  23:28  Carrier  
  155  23:29  Carrier  
  167  23:53  Carrier  
  173  23:58  Nexus  
  173  24:01  Assimilator  
  173  24:05  Assimilator  
  173  24:42  Pylon  
  173  24:43  Pylon  
  173  24:44  Pylon  
Show
View Real Time Build Order
Export as new Build Order

yugOS Terran 

Build Orders: Mech 

Get SALT Encoding   

  12  0:01  SCV  
  13  0:15  SCV  
  14  0:30  Supply Depot, SCV  
  15  0:41  Refinery  
  15  0:52  SCV  
  15  0:55  Barracks  
  17  1:04  SCV  
  17  1:16  SCV  
  18  1:22  Barracks  
  18  1:28  SCV  
  19  1:40  SCV  
  19  1:45  Refinery  
  20  1:48  Marine  
  21  1:56  Orbital Command  
  21  2:03  Factory  
  21  2:09  Marine  
  21  2:11  Supply Depot  
  22  2:28  Marine  
  23  2:33  SCV  
  24  2:45  SCV  
  24  2:48  Command Center  
  24  2:49  Barracks Reactor  
  25  2:52  Factory Tech Lab  
  25  3:06  Supply Depot  
  25  3:14  Engineering Bay  
  25  3:15  Siege Tank  
  28  3:27  Marine x2  
  28  3:31  SCV  
  31  3:47  Siege Tank  
  34  3:49  Marine x2  
  36  4:17  Barracks  
  36  4:20  Orbital Command  
  36  4:23  SCV  
  37  4:35  SCV  
  38  4:41  Marine  
  38  4:42  Marine  
  38  4:44  Siege Tank  
  43  4:46  SCV  
  43  4:47  SCV  
  45  4:59  Marine x2  
  47  5:07  Barracks Tech Lab  
  47  5:17  Marine x2  
  49  5:35  Marine x2  
  51  5:43  Stimpack  
  51  5:46  SCV x2  
  51  5:48  Marine  
  54  5:57  Barracks  
  54  6:02  Barracks  
  54  6:04  Supply Depot, Factory x2  
  54  6:22  Supply Depot  
  54  6:24  Terran Infantry Weapons Level 1, Supply Depot  
  54  6:25  Marine x3  
  54  6:26  SCV  
  54  6:31  Missile Turret  
  58  6:43  Marine x3  
  61  6:47  Marine  
  61  6:49  Marine  
  63  7:01  Marine x3, Factory Reactor, Factory Tech Lab  
  63  7:05  Marine  
  63  7:06  Marine  
  63  7:08  Refinery  
  68  7:10  Refinery  
  68  7:17  Command Center  
  68  7:19  Marine x3  
  71  7:23  Marine  
  71  7:24  Marine  
  73  7:37  Marauder  
  73  7:43  Armory  
  75  7:50  Barracks Reactor  
  75  7:51  Barracks Reactor  
  75  7:59  Marauder  
  77  8:13  Marine  
  77  8:18  Terran Infantry Armor Level 1  
  78  8:21  Supply Depot  
  78  8:28  Marine  
  78  8:29  Supply Depot, Marauder  
  78  8:31  Marine  
  82  8:46  Marine x2  
  82  8:47  Marine x3  
  87  8:49  Marine  
  87  8:50  Marauder  
  90  9:01  Orbital Command  
  90  9:03  Drilling Claws  
  90  9:04  Marine  
  91  9:11  Marauder  
  93  9:28  Marine x5  
  93  9:29  Marine  
  99  9:33  Marauder  
  101  9:45  Marine, Widow Mine x3  
  103  9:46  Marine  
  109  10:11  Marine  
  109  10:12  Marine  
  109  10:13  Marine x3  
  109  10:14  Marine  
  108  10:16  Marauder  
  108  10:17  Siege Tank  
  108  10:20  Siege Tank  
  89  10:28  Marine  
  89  10:30  Marine x2  
  89  10:31  Marine x2  
  91  10:37  Marine, Marauder  
  75  10:46  Marine  
  75  10:48  Marine x3  
  75  10:49  Marine  
  80  10:55  Marine  
  81  10:58  Marauder  
  72  11:04  Marine  
  72  11:05  Marine  
  72  11:06  Marine x2  
  72  11:07  Marine  
  71  11:13  Marine  
  71  11:15  Widow Mine  
  71  11:17  SCV x2  
  76  11:20  SCV, Marauder  
  76  11:22  Marine  
  76  11:23  Marine  
  76  11:24  Marine x3  
  84  11:31  Marine  
  84  11:32  Refinery  
  85  11:36  Refinery  
  85  11:38  Widow Mine x3  
  91  11:40  Marine  
  91  11:41  Marine, Marauder  
  91  11:42  Marine x3  
  98  11:49  Marine  
  99  11:58  Marine  
  100  12:03  Marauder  
  100  12:05  Marine x4  
  100  12:07  Marine  
  100  12:08  Terran Vehicle Weapons Level 1  
  107  12:09  Terran Infantry Weapons Level 2  
  107  12:15  Marine  
  107  12:20  Supply Depot  
  107  12:21  Supply Depot  
  107  12:22  SCV  
  109  12:23  Supply Depot  
  109  12:42  Marine x6, Thor, SCV x2  
  109  12:43  Marauder  
  125  12:59  Marine x2  
  125  13:00  Marine  
  125  13:01  Marine x3  
  125  13:04  Marauder  
  133  14:02  Terran Vehicle And Ship Armor Level 1  
  133  14:04  Marine x3  
  133  14:05  Marine x2  
  133  14:06  Marine x2  
  80  14:22  Marine x3  
  80  14:23  Marine x2  
  80  14:24  Marine x2, Terran Infantry Armor Level 2  
  67  14:30  Widow Mine x4  
  72  14:40  Marine x3  
  72  14:41  Marine x4  
  79  14:58  Marine x3, Widow Mine x2  
  79  14:59  Marine x4, Thor x2  
  102  15:15  Marine x3  
  102  15:16  Marine x2  
  102  15:17  Marine x2  
  109  15:27  Widow Mine x2  
  113  15:33  Marine x3  
  113  15:34  Marine x2  
  113  15:35  Marine x2  
  120  15:36  Supply Depot  
  120  15:41  Widow Mine  
  120  15:42  Supply Depot  
  122  15:46  Command Center  
  122  15:52  Marine, Widow Mine  
  122  15:55  Widow Mine x2  
  122  15:56  Terran Vehicle Weapons Level 2  
  129  16:14  Marine  
  129  16:15  Marine x5, Marauder  
  137  16:32  Marine x2  
  137  16:34  Marine x4  
  137  16:36  Marauder  
  137  16:37  Widow Mine  
  147  16:50  Marine x2, Supply Depot  
  147  16:51  Supply Depot  
  147  16:53  Supply Depot  
  149  16:57  Marine x3  
  116  17:28  Marine x2  
  85  17:31  Marine x5  
  43  17:46  Marine x2  
  43  17:48  Marine  
  43  17:49  Marine x2  
  43  17:50  Marauder  
  51  18:04  Marine  
  52  18:06  Marine  
  52  18:07  Marine x2  
  52  18:10  Siege Tank  
  47  18:22  Marine  
  47  18:24  Marine x3  
  43  18:40  Marine  
  44  18:42  Marine x3  
  47  18:57  Marine  
  47  19:00  Marine x3  
  51  19:04  Widow Mine x4  
  59  19:15  Marine  
  51  19:18  Marine x3  
  51  19:32  Widow Mine  
  51  19:33  Marine, Widow Mine x2  
  51  19:35  Marine  
  51  19:36  Marine x2  
  63  19:42  Factory Tech Lab  
  61  19:51  Marine  
  62  19:53  Marine x3  
  65  20:01  Widow Mine x2  
  69  20:09  Marine  
  70  20:11  Marine  
  71  20:31  Widow Mine x2  
  75  20:42  Marine x2  
  76  20:43  Marine x2  
  79  21:00  Marine x3  
  79  21:01  Marine  
  83  21:18  Marine x4  
  84  21:24  Widow Mine x2  
  84  21:25  Widow Mine  
  93  21:36  Marine x4  
  97  21:52  Widow Mine  
  99  22:08  Widow Mine x2  
  95  24:00  Marine x2  
Tags
 
Add a new tag
Caveats
  • Supply blocks, unpowered buildings, or Contaminate may cause inaccurate times.
  • Supply counts are checked every 10 seconds.